[Event "*** SCC Grand Prix: Titled Tuesday Blitz"]
[Site "Chess.com"]
[Date "2020.06.09"]
[Round "2"]
[White "szefru"]
[Black "Makswolf200817"]
[Result "0-1"]
[WhiteElo "2139"]
[BlackElo "2426"]
[TimeControl "180+1"]
[EndTime "9:15:56 PDT"]
[Termination "Makswolf200817 won by resignation"]

1. e4 e6 2. b3 d5 3. exd5 exd5 4. Bb2 Nf6 5. Nf3 Bd6 6. d4 O-O 7. Bd3 Re8+ 8. Be2 Qe7 9. Nc3 Bb4 10. a3 Bxc3+ 11.
Bxc3 Nc6 12. Kf1 Ne4 13. Bb2 Bg4 14. h3 Bh5 15. Rc1 Rad8 16. c4 dxc4 17. Bxc4 a6 18. d5 Na5 19. Qd4 Nf6 20. Re1 Qd6 21. Ne5 Nxc4 22. bxc4 b6 23. g4 Bg6 24. Kg2 c5 25.
Qf4 b5 26. Nxg6 hxg6 27. Bxf6 Qxf4 0-1

[Event "*** SCC Grand Prix: Titled Tuesday Blitz"]
[Site "Chess.com"]
[Date "2020.06.09"]
[Round "2"]
[White "Kildepiotr"]
[Black "Guenplen"]
[Result "0-1"]
[WhiteElo "2591"]
[BlackElo "2915"]
[TimeControl "180+1"]
[EndTime "9:15:57 PDT"]
[Termination "Guenplen won by resignation"]

1. Nf3 d5 2. g3 c6 3. Bg2 Bg4 4. O-O Nd7 5. d3 e5 6. Nbd2 Ngf6 7. e4 dxe4 8. dxe4 Bc5 9. h3 Bh5 10. Qe2 O-O 11. Nb3 Bb6 12. a4 a5 13. Be3 Bxf3 14.
Bxf3 Bxe3 15. Qxe3 Qb6 16. Qxb6 Nxb6 17. Nc5 Rab8 18.
Rfd1 Rfe8 19. Be2 Kf8 20. f3 Ke7 21. Rd2 Red8 22. Rad1 Rxd2 23. Rxd2 Nfd7 24. Nxd7 Nxd7 25. Bc4 Nc5 26. b3 f6 27. Kf2 b5 28. axb5 cxb5 29. Rd5 Nxe4+ 30. fxe4 bxc4 31. bxc4 Ra8 32. c5 a4 33. c6 Ra7 34. Rb5 Kd6 35. Rb7 Rxb7 36. cxb7 Kc7 0-1

[Event "*** SCC Grand Prix: Titled Tuesday Blitz"]
[Site "Chess.com"]
[Date "2020.06.09"]
[Round "2"]
[White "imdvb6307"]
[Black "Oleksandr_Bortnyk"]
[Result "0-1"]
[WhiteElo "2377"]
[BlackElo "2949"]
[TimeControl "180+1"]
[EndTime "9:15:57 PDT"]
[Termination "Oleksandr_Bortnyk won by resignation"]

1. c4 d6 2. d4 e5 3. dxe5 dxe5 4. Qxd8+ Kxd8 5. e3 Be6 6. Bd2 c6 7. Bc3 Nd7 8. Nf3 f6 9. Nbd2 a5 10. O-O-O Kc7 11. h3 Bb4 12. Ne4 h5 13. Rg1 Nh6 14. Be2 Nf7 15. Kc2 h4 16. Nfd2 f5 17. Ng5 Nxg5 18. f4 Bxc3 19. Kxc3 exf4 20. exf4 Ne4+ 21. Nxe4 fxe4 22. Bg4 Bxg4 23. hxg4 h3 24. g3 Nf6 25.
g5 Ng4 26. Rde1 h2 0-1

[Event "*** SCC Grand Prix: Titled Tuesday Blitz"]
[Site "Chess.com"]
[Date "2020.06.09"]
[Round "2"]
[White "diablanni"]
[Black "CHESSMASTER759"]
[Result "1/2-1/2"]
[WhiteElo "2338"]
[BlackElo "2600"]
[TimeControl "180+1"]
[EndTime "9:15:58 PDT"]
[Termination "Game drawn by repetition"]

1. e4 d6 2. d4 Nf6 3. Nc3 e5 4. dxe5 dxe5 5. Qxd8+ Kxd8 6. Bc4 Ke8 7. Nge2 c6 8. a3 a5 9. Be3 Nbd7 10. f3 Bc5 11. Kf2 Ke7 12. Nc1 b5 13. Bb3 Bxe3+ 14. Kxe3 Nc5 15.
Nd3 Nxb3 16. cxb3 Be6 17. b4 Nd7 18. Rhd1 Bc4 19. Nc5 Nxc5 20. bxc5 b4 21. Na4 Bb3 22. Nb6 Bxd1 23. Nxa8 bxa3 24. Nb6 Rd8 25. Rxa3 a4 26. Rd3 g6 27. Rxd8 Kxd8 28. Kd2 Bb3 29. Kc3 Bd1 30. Kd2 Bb3 31. Kc3 Bd1 32. Kd2 1/2-1/2

[Event "*** SCC Grand Prix: Titled Tuesday Blitz"]
[Site "Chess.com"]
[Date "2020.06.09"]
[Round "2"]
[White "Vuk2000"]
[Black "smshk35"]
[Result "1-0"]
[WhiteElo "2609"]
[BlackElo "2331"]
[TimeControl "180+1"]
[EndTime "9:16:00 PDT"]
[Termination "Vuk2000 won by resignation"]

1. d4 Nf6 2. Bg5 e6 3. e4 h6 4.
Bxf6 Qxf6 5. c3 d6 6. Bd3 g5 7.
Ne2 Bg7 8. O-O e5 9. Na3 Nd7 10. Ng3 Nf8 11. Nh5 Qg6 12. Nb5 Kd8 13. Ng3 a6 14. Na3 Ne6 15. Nc2 Nf4 16. Bc4 h5 17. Ne3 h4 18. Ngf5 Bxf5 19. exf5 Qf6 20. Qf3 exd4 21. Qxb7 dxe3 22. Qxa8+ Kd7 23. Qxa6 e2 24. Bxe2 Rb8 25. Bb5+ Kd8 26. Rfe1 1-0

[Event "*** SCC Grand Prix: Titled Tuesday Blitz"]
[Site "Chess.com"]
[Date "2020.06.09"]
[Round "2"]
[White "Ekka83"]
[Black "WiktoriaPOL"]
[Result "1-0"]
[WhiteElo "2407"]
[BlackElo "2028"]
[TimeControl "180+1"]
[EndTime "9:16:03 PDT"]
[Termination "Ekka83 won by resignation"]

1. e4 c5 2. Nf3 d6 3. d4 cxd4 4. Qxd4 a6 5. Bc4 Nc6 6. Qd3 Nf6 7. Nc3 g6 8. Bg5 Bg7 9. O-O-O Qc7 10. Kb1 O-O 11.
Bxf6 Bxf6 12. Nd5 Qa5 13. Nxf6+ exf6 14. Qxd6 Ne5 15. Nxe5 fxe5 16. Rd5 Qa4 17. b3 Qc6 18.
Qxc6 bxc6 19. Rxe5 Bd7 20. Re7 Bg4 21. f3 Be6 22.
Bxe6 fxe6 23. Rd1 Rf7 24. Rxe6 c5 25. Rdd6 a5 26. Ra6 Rfa7 27. Re8+ Rxe8 28. Rxa7 Rc8 29. Rxa5 c4 30. Ra7 cxb3 31. axb3 Rd8 32. Kc1 1-0

[Event "*** SCC Grand Prix: Titled Tuesday Blitz"]
[Site "Chess.com"]
[Date "2020.06.09"]
[Round "2"]
[White "GHANDEEVAM2003"]
[Black "Jungle_Jaguar"]
[Result "1-0"]
[WhiteElo "2979"]
[BlackElo "2605"]
[TimeControl "180+1"]
[EndTime "9:16:04 PDT"]
[Termination "GHANDEEVAM2003 won by resignation"]

1. d4 Nf6 2. Bg5 c5 3. d5 d6 4. Nc3 Nbd7 5. e4 h6 6. Be3 a6 7. a4 g6 8. Nf3 Bg7 9. Nd2 O-O 10. Be2 Re8 11. O-O Nf8 12. Nc4 b6 13. f4 Bb7 14.
Bf3 Qc7 15. e5 N6d7 16. e6 fxe6 17. dxe6 Nf6 18. a5 b5 19. Nb6 Rad8 20. f5 gxf5 21. Ncd5 Bxd5 22. Nxd5 Nxd5 23. Bxd5 Nh7 24. Rxf5 Nf6 25.
Rxf6 Bxf6 26. Qg4+ Kh8 27. Qg6 1-0

[Event "*** SCC Grand Prix: Titled Tuesday Blitz"]
[Site "Chess.com"]
[Date "2020.06.09"]
[Round "2"]
[White "Enriquack"]
[Black "VitaliyBernadskiy"]
[Result "0-1"]
[WhiteElo "2414"]
[BlackElo "2697"]
[TimeControl "180+1"]
[EndTime "9:16:05 PDT"]
[Termination "VitaliyBernadskiy won by resignation"]

1. e4 c5 2. Nf3 Nc6 3. Bb5 g6 4. O-O Bg7 5. d3 Nf6 6. Nc3 O-O 7. Bd2 d6 8. a4 e5 9. h3 h6 10. Bc4 Kh7 11. Nd5 Nxd5 12. Bxd5 Be6 13. Bxe6 fxe6 14. Be3 b6 15. Nd2 d5 16. f3 h5 17. Bf2 Bh6 18. Qe1 Nd4 19. Rc1 Rc8 20. Be3 Bg7 21. c3 Nc6 22. Bf2 Bh6 23. Rd1 Qf6 24. Be3 Bg7 25. Qg3 Qf7 26. exd5 exd5 27. c4 Nb4 28. cxd5 Nxd5 29.
Bg5 Nf4 30. Ne4 Ne2+ 0-1

[Event "*** SCC Grand Prix: Titled Tuesday Blitz"]
[Site "Chess.com"]
[Date "2020.06.09"]
[Round "2"]
[White "Savva09022009"]
[Black "Roza_Idrisova"]
[Result "1-0"]
[WhiteElo "2432"]
[BlackElo "2176"]
[TimeControl "180+1"]
[EndTime "9:16:11 PDT"]
[Termination "Savva09022009 won by checkmate"]

1. d4 d5 2. Nc3 c6 3. Bf4 Bf5 4. f3 e6 5. e3 h6 6. g4 Bh7 7. Bd3 Bxd3 8. Qxd3 Nf6 9. O-O-O Nbd7 10. Nge2 Be7 11. h4 a6 12. g5 Nh5 13. g6 f5 14. e4 O-O 15. e5 c5 16. Bh2 f4 17.
Qd2 Bxh4 18. Bg1 Rf5 19. Kb1 b5 20. dxc5 Nxe5 21. Nd4 Nc4 22. Qd3 Re5 23. Nc6 Qf6 24. Nxe5 Nxe5 25. Qd4 Ng3 26. Rxh4 Qxh4 27. Qxe5 Re8 28.
Bd4 Re7 29. c6 Nf5 30. c7 Rxc7 31. Qxc7 Nxd4 32. Qc8+ Qd8 33. Qxd8# 1-0

[Event "*** SCC Grand Prix: Titled Tuesday Blitz"]
[Site "Chess.com"]
[Date "2020.06.09"]
[Round "2"]
[White "Kimster98"]
[Black "OparinGrigoriy"]
[Result "0-1"]
[WhiteElo "2581"]
[BlackElo "2904"]
[TimeControl "180+1"]
[EndTime "9:16:13 PDT"]
[Termination "OparinGrigoriy won by resignation"]

1. Nf3 Nf6 2. g3 c5 3. Bg2 d5 4. O-O g6 5. b3 Bg7 6. Bb2 O-O 7. c4 d4 8. e3 Nc6 9. exd4 cxd4 10. Re1 Re8 11.
d3 e5 12. a3 a5 13. Nbd2 Bf5 14. Ne4 Nxe4 15. dxe4 Be6 16. Qd3 Qe7 17. Nd2 Nb8 18. f4 Na6 19. Qc2 Rad8 20. Bf1 exf4 21. gxf4 d3 22.
Qc1 Bxb2 23. Qxb2 Qh4 24. Nf3 Qxf4 25. Bg2 d2 26. Red1 Bg4 27. Qc3 Nc5 28. Rxd2 Nxe4 29.
Rxd8 Rxd8 30. Qc1 Nd2 31. Nxd2 Rxd2 32. Qf1 Qe3+ 33. Kh1 Rxg2 0-1

[Event "*** SCC Grand Prix: Titled Tuesday Blitz"]
[Site "Chess.com"]
[Date "2020.06.09"]
[Round "2"]
[White "GothamChess"]
[Black "rakshi2005"]
[Result "1-0"]
[WhiteElo "2598"]
[BlackElo "2326"]
[TimeControl "180+1"]
[EndTime "9:16:13 PDT"]
[Termination "GothamChess won by resignation"]

1. e4 e5 2. Nc3 Nf6 3. f4 d5 4. fxe5 Nxe4 5. Qf3 Nxc3 6. bxc3 Be6 7. Rb1 Be7 8. Bd3 Nd7 9. Qe2 c5 10. Bb5 a6 11.
Bxd7+ Qxd7 12. Nf3 O-O-O 13. O-O f6 14. d4 c4 15. Re1 Rhe8 16. Bf4 g5 17. Bg3 g4 18.
Nd2 f5 19. Bf4 h5 20. Rb6 h4 21. Reb1 Qc7 22. Rxe6 Ba3 23. Rxe8 Rxe8 24. Nf1 b5 25. Ne3 Qf7 26. Qf2 Rg8 27. Qxh4 Be7 28. Qh6 Rg6 29. Qh5 Rg7 30. Qxf5+ Qxf5 31. Nxf5 Rf7 32. Nxe7+ Rxe7 33. Bg5 Rf7 34. Bf6 1-0

[Event "*** SCC Grand Prix: Titled Tuesday Blitz"]
[Site "Chess.com"]
[Date "2020.06.09"]
[Round "2"]
[White "Caracternin123"]
[Black "Shota_Azaladze"]
[Result "0-1"]
[WhiteElo "2547"]
[BlackElo "2790"]
[TimeControl "180+1"]
[EndTime "9:16:14 PDT"]
[Termination "Shota_Azaladze won by resignation"]

1. d4 g6 2. Nf3 Bg7 3. Bg5 d6 4. Nbd2 Nd7 5. e4 Ngf6 6. c3 e5 7. Bc4 O-O 8. O-O h6 9. Bh4 c6 10. Re1 Qc7 11. Nf1 b5 12. Bb3 a6 13. Qd2 c5 14. dxe5 dxe5 15. Bd5 Nxd5 16. exd5 Qd6 17. a4 Bb7 18. Qe2 c4 19. Bg3 Rae8 20. Rad1 f5 21.
h4 f4 22. Bh2 Nc5 23. N1d2 Qxd5 24. axb5 axb5 25. Nb3 Nd3 26. Nc1 e4 27. Nxd3 cxd3 0-1

[Event "*** SCC Grand Prix: Titled Tuesday Blitz"]
[Site "Chess.com"]
[Date "2020.06.09"]
[Round "2"]
[White "VALPARAISO37"]
[Black "reniite"]
[Result "1-0"]
[WhiteElo "2382"]
[BlackElo "1824"]
[TimeControl "180+1"]
[EndTime "9:16:14 PDT"]
[Termination "VALPARAISO37 won by checkmate"]

1. d4 Nf6 2. c4 e6 3. Nc3 Bb4 4. a3 Bxc3+ 5. bxc3 Ne4 6. e3 b6 7. Qc2 Bb7 8. Nh3 O-O 9. f3 Nf6 10. Bd3 d5 11. O-O Nbd7 12. cxd5 exd5 13. e4 h6 14. e5 Ne8 15. f4 c5 16. f5 cxd4 17. cxd4 Rc8 18.
Qf2 Qh4 19. Qe3 a6 20. Rf4 Qd8 21. Bd2 b5 22. Raf1 Nb6 23. f6 Nc4 24. Qf2 Nxd2 25. Qxd2 g5 26. Nxg5 hxg5 27. Rg4 Nxf6 28. Qxg5+ Kh8 29.
Rh4+ Nh7 30. Rxh7# 1-0

[Event "*** SCC Grand Prix: Titled Tuesday Blitz"]
[Site "Chess.com"]
[Date "2020.06.09"]
[Round "2"]
[White "juniortay"]
[Black "ChessQueen"]
[Result "1-0"]
[WhiteElo "2429"]
[BlackElo "2678"]
[TimeControl "180+1"]
[EndTime "9:16:15 PDT"]
[Termination "juniortay won by resignation"]

1. e4 c6 2. Nf3 d5 3. exd5 cxd5 4. Ne5 Nc6 5. d4 e6 6. c3 Nge7 7. Bd3 Ng6 8. f4 f5 9. Qh5 Nxe5 10. fxe5 Qh4+ 11. Qxh4 Nxh4 12. O-O Be7 13. c4 dxc4 14. Bxc4 Bd7 15. Nc3 O-O-O 16. Be3 Kb8 17. d5 exd5 18. Nxd5 Ng6 19. Nxe7 Nxe7 20. Bg5 Rhe8 21. Bf7 h6 22. Bxe8 Rxe8 23. Bxe7 Rxe7 24. Rae1 Be6 25. Rf4 g6 26. Rd4 Bxa2 27. Rd6 Be6 28. Kf2 g5 29. g3 a6 30.
h4 Ka7 31. hxg5 hxg5 32. Rh1 Bc4 33. Re1 Be6 34. Ke3 a5 35. Kd4 b6 36. Rh1 1-0

[Event "*** SCC Grand Prix: Titled Tuesday Blitz"]
[Site "Chess.com"]
[Date "2020.06.09"]
[Round "2"]
[White "JulAnt"]
[Black "emiliocordova"]
[Result "0-1"]
[WhiteElo "2374"]
[BlackElo "2843"]
[TimeControl "180+1"]
[EndTime "9:16:15 PDT"]
[Termination "emiliocordova won by resignation"]

1. e4 c5 2. Nf3 Nc6 3. d4 cxd4 4. Nxd4 Nf6 5. Nc3 d6 6. Bg5 Bd7 7. Qd2 Nxd4 8. Qxd4 Qa5 9. Bxf6 gxf6 10. O-O-O Bh6+ 11. Kb1 Bf4 12. Bc4 Be5 13. Qd5 Qxd5 14. Nxd5 Rc8 15. Bb3 e6 16. Ne3 Bc6 17. f3 Ke7 18. g3 f5 19. Rhe1 fxe4 20. fxe4 Bxe4 21. Nc4 f5 22. Nd2 d5 23. Nf1 b5 24. Ne3 h5 25. a4 Rb8 26.
a5 Kf6 27. Rd2 Bc7 0-1

[Event "*** SCC Grand Prix: Titled Tuesday Blitz"]
[Site "Chess.com"]
[Date "2020.06.09"]
[Round "2"]
[White "kuba2006"]
[Black "Zurability"]
[Result "0-1"]
[WhiteElo "2347"]
[BlackElo "2682"]
[TimeControl "180+1"]
[EndTime "9:16:20 PDT"]
[Termination "Zurability won on time"]

1. e4 c5 2. Nf3 d6 3. d4 cxd4 4. Qxd4 a6 5. c4 Nc6 6. Qe3 g6 7. h3 Bg7 8. Be2 Nf6 9. O-O O-O 10. Nc3 Nd7 11. Rd1 Nc5 12. Nd5 f5 13. exf5 Bxf5 14. a3 e6 15. Nc3 e5 16. b4 Nb3 17. Ra2 Ncd4 18. Nxd4 exd4 19. Qf3 dxc3 20. c5 Nxc1 21. Rxc1 dxc5 22. Bc4+ Kh8 23. bxc5 Bb1 0-1

[Event "*** SCC Grand Prix: Titled Tuesday Blitz"]
[Site "Chess.com"]
[Date "2020.06.09"]
[Round "2"]
[White "TrickyFortem"]
[Black "Jumbo"]
[Result "0-1"]
[WhiteElo "2374"]
[BlackElo "2825"]
[TimeControl "180+1"]
[EndTime "9:16:21 PDT"]
[Termination "Jumbo won by resignation"]

1. d4 Nf6 2. c4 e6 3. Nf3 Bb4+ 4. Nbd2 O-O 5. g3 b6 6. Bg2 Bb7 7. O-O a5 8. Qc2 d5 9. cxd5 exd5 10. Ne5 Re8 11.
Ndf3 h6 12. Nh4 Nbd7 13. Nc6 Bxc6 14. Qxc6 Rxe2 15. Bf4 Rc8 16. a3 Bf8 17. b4 g5 18.
Nf5 gxf4 19. gxf4 Re6 20. Qc3 Ne4 21. Bxe4 dxe4 22. Kh1 Rg6 23. Rg1 Nf6 24. Qh3 Kh7 25.
Nh4 Rxg1+ 26. Rxg1 Qd7 27. Nf5 axb4 28. axb4 e3 29.
fxe3 Qd5+ 30. Rg2 Ra8 0-1

[Event "*** SCC Grand Prix: Titled Tuesday Blitz"]
[Site "Chess.com"]
[Date "2020.06.09"]
[Round "2"]
[White "Borsuk_Konstantin"]
[Black "Denis_Palkovich"]
[Result "1-0"]
[WhiteElo "2562"]
[BlackElo "2314"]
[TimeControl "180+1"]
[EndTime "9:16:21 PDT"]
[Termination "Borsuk_Konstantin won by resignation"]

1. d4 Nf6 2. c4 c5 3. d5 b5 4. cxb5 a6 5. b6 e6 6. Nc3 Qxb6 7. e4 Bb7 8. Nf3 Be7 9. Be2 O-O 10. O-O d6 11. dxe6 fxe6 12. Bc4 d5 13. exd5 exd5 14. Nxd5 Nxd5 15. Bxd5+ Kh8 16. Bg5 Bxg5 17. Nxg5 Nc6 18. Qh5 h6 19. Qg6 1-0

[Event "*** SCC Grand Prix: Titled Tuesday Blitz"]
[Site "Chess.com"]
[Date "2020.06.09"]
[Round "2"]
[White "XiaoKangZhong"]
[Black "Iball95"]
[Result "0-1"]
[WhiteElo "2399"]
[BlackElo "2693"]
[TimeControl "180+1"]
[EndTime "9:16:26 PDT"]
[Termination "Iball95 won by resignation"]

1. e4 c5 2. c3 g6 3. d4 cxd4 4.
cxd4 d5 5. exd5 Nf6 6. Nc3 Nxd5 7. Bc4 Nb6 8. Bb3 Bg7 9. Nf3 O-O 10. O-O Nc6 11. d5 Na5 12. Be3 Nxb3 13. Qxb3 Bg4 14. Nd2 Bxc3 15. Bxb6 Qxb6 16. Qxb6 axb6 17. bxc3 Rfc8 18.
c4 Be2 19. Rfc1 Ra4 20. Rab1 Rxa2 21. Nf1 Rxc4 22. Rxc4 Bxc4 23. Ne3 Bd3 24. Rd1 Be2 25. Rb1 b5 26. f3 Bd3 27. Rb3 Rd2 28. h3 Kf8 29. Kh2 Bc4 30. Nxc4 bxc4 31. Rxb7 Rxd5 32. Rc7 Rd4 33. Kg3 h5 34. h4 e5 35. Rc5 f6 36.
Rc7 Rf4 37. Kh3 Ke8 38. Kg3 Kd8 39. Rc5 Kd7 40. Kf2 Rxh4 41. Ke3 Rd4 42. g3 h4 43. gxh4 Rxh4 44. Rd5+ Ke6 45. Rd8 Rd4 46. Rc8 g5 47. Rc7 Rf4 48. Rc8 Kd7 49. Rf8 Kd6 50. Rg8 Kc5 51. Rc8+ Kb4 52. Rc7 Kb3 53. Rc6 Kc2 54.
Rxf6 Rxf6 0-1

[Event "*** SCC Grand Prix: Titled Tuesday Blitz"]
[Site "Chess.com"]
[Date "2020.06.09"]
[Round "2"]
[White "Playgood28"]
[Black "RaphCamora"]
[Result "0-1"]
[WhiteElo "2273"]
[BlackElo "2470"]
[TimeControl "180+1"]
[EndTime "9:16:27 PDT"]
[Termination "RaphCamora won by resignation"]

1. d4 d5 2. c4 e6 3. Nc3 c6 4. e3 Nf6 5. Nf3 Nbd7 6. Bd3 dxc4 7. Bxc4 b5 8. Be2 Bd6 9. O-O O-O 10. b3 Bb7 11.
Bb2 a6 12. e4 e5 13. dxe5 Nxe5 14. Nxe5 Bxe5 15. f3 Qb6+ 16. Kh1 Rad8 17. Qc2 c5 18.
Rad1 Bd4 19. f4 Nxe4 20. Rxd4 Rxd4 21. Nxe4 Bxe4 22. Qc1 Rd6 23. Bf3 Bxf3 24. Rxf3 Rfd8 25. Rf1 Rd3 26. f5 Qd6 27. Qg5 f6 0-1

[Event "*** SCC Grand Prix: Titled Tuesday Blitz"]
[Site "Chess.com"]
[Date "2020.06.09"]
[Round "2"]
[White "Nathan_Filgueiras"]
[Black "FMalexhdez"]
[Result "1-0"]
[WhiteElo "2411"]
[BlackElo "2103"]
[TimeControl "180+1"]
[EndTime "9:16:28 PDT"]
[Termination "Nathan_Filgueiras won by resignation"]

1. e4 c5 2. Nf3 d6 3. d4 cxd4 4. Nxd4 Nf6 5. Nc3 a6 6. h3 e5 7.
Nde2 h5 8. Bg5 Nbd7 9. Ng3 Nb6 10. Bxf6 Qxf6 11. Nxh5 Qg6 12. Ng3 Be6 13. Be2 Be7 14.
a4 Rc8 15. a5 Nd7 16. O-O Bh4 17. Nf5 Bxf5 18. exf5 Qxf5 19. Bg4 Qg6 20. Qf3 Rc7 21. Nd5 Rc4 22. Bxd7+ 1-0

[Event "*** SCC Grand Prix: Titled Tuesday Blitz"]
[Site "Chess.com"]
[Date "2020.06.09"]
[Round "2"]
[White "Olga_Girya"]
[Black "j2806"]
[Result "1-0"]
[WhiteElo "2405"]
[BlackElo "2027"]
[TimeControl "180+1"]
[EndTime "9:16:29 PDT"]
[Termination "Olga_Girya won by resignation"]

1. d4 Nf6 2. Nf3 e6 3. c4 d5 4. Nc3 Be7 5. Bg5 dxc4 6. e3 a6 7. Bxc4 b5 8. Bd3 Bb7 9. O-O O-O 10. Bxf6 Bxf6 11. Ne4 Be7 12. Rc1 Nd7 13. Qc2 Rc8 14. Nc5 Nxc5 15. dxc5 c6 16. Bxh7+ Kh8 17. Rfd1 Qc7 18.
Bd3 Bf6 19. Nd2 Rcd8 20. Ne4 Be7 21. b4 Bc8 22. Qe2 Qe5 23. f4 Qf5 24. Ng5 Rxd3 25. Qxd3 Bxg5 26. Qxf5 exf5 27. fxg5 Kh7 28. Rd6 Bb7 29.
Rcd1 Rb8 30. Rd7 Kg6 31. R1d6+ Kxg5 32. Rxf7 g6 33. Rg7 f4 34. e4 1-0

[Event "*** SCC Grand Prix: Titled Tuesday Blitz"]
[Site "Chess.com"]
[Date "2020.06.09"]
[Round "2"]
[White "frankshar"]
[Black "Ariadna_Atreides"]
[Result "0-1"]
[WhiteElo "2374"]
[BlackElo "1962"]
[TimeControl "180+1"]
[EndTime "9:16:31 PDT"]
[Termination "Ariadna_Atreides won by resignation"]

1. d4 e6 2. c4 Bb4+ 3. Nc3 Nf6 4. e3 O-O 5. Bd3 Re8 6. Ne2 d5 7. a3 Bf8 8. O-O a6 9. e4 dxc4 10. Bxc4 b5 11. Bd3 Bb7 12. Bg5 h6 13. Bh4 Be7 14.
Bc2 Nbd7 15. Qd3 e5 16. f4 exd4 17. Nxd4 Nc5 18. Qe3 Ng4 19. Qg3 Bxh4 20. Qxg4 Qxd4+ 21. Kh1 Be7 22. Rad1 Qf6 23. e5 Qh4 24. Qf5 g6 0-1

[Event "*** SCC Grand Prix: Titled Tuesday Blitz"]
[Site "Chess.com"]
[Date "2020.06.09"]
[Round "2"]
[White "Gahan-MG"]
[Black "kuban1991"]
[Result "0-1"]
[WhiteElo "2530"]
[BlackElo "2780"]
[TimeControl "180+1"]
[EndTime "9:16:32 PDT"]
[Termination "kuban1991 won by resignation"]

1. e4 e6 2. b3 d5 3. Bb2 dxe4 4.
Nc3 Nf6 5. g4 Be7 6. Bg2 O-O 7.
Qe2 a5 8. a4 Nbd7 9. Nxe4 Nxe4 10. Bxe4 Bf6 11. d4 c5 12. O-O-O Bxd4 13. Bxd4 cxd4 14.
Rxd4 Qf6 15. Qd2 Nc5 16. g5 Nxe4 17. gxf6 Nxd2 18. fxg7 Nxb3+ 19. cxb3 Kxg7 20. Nf3 Kf6 21. Rf4+ Ke7 22. Rg1 Bd7 23. Rg7 Rac8+ 24. Kb2 Rc5 25. Rxh7 e5 26. Re4 Bf5 0-1

[Event "*** SCC Grand Prix: Titled Tuesday Blitz"]
[Site "Chess.com"]
[Date "2020.06.09"]
[Round "2"]
[White "rasmussvane"]
[Black "Generalas"]
[Result "1-0"]
[WhiteElo "2886"]
[BlackElo "2375"]
[TimeControl "180+1"]
[EndTime "9:16:32 PDT"]
[Termination "rasmussvane won by resignation"]

1. Nf3 Nf6 2. g3 g6 3. Bg2 Bg7 4. O-O O-O 5. d4 d6 6. Re1 Nbd7 7. e4 e5 8. Nc3 c6 9. a4 a5 10. h3 Qc7 11. Be3 Re8 12. d5 cxd5 13. exd5 Nc5 14. Nb5 Qd8 15. Nd2 Rf8 16. Nc4 Ne8 17. Ncxd6 b6 18.
Nxe8 Rxe8 19. d6 Rb8 20. Qd2 Bd7 21. Nc7 Rf8 22. Nd5 Nxa4 23. b3 Nc5 24. Bxc5 bxc5 25. Rxa5 Be6 26. Rxc5 Kh8 27. Ne7 Rb6 28. Rd1 Bf6 29.
Nc6 Qd7 30. Nxe5 Bxe5 31. Rxe5 Bxh3 32. Qd4 f6 33. Re7 Qc6 34. Bxc6 1-0

[Event "*** SCC Grand Prix: Titled Tuesday Blitz"]
[Site "Chess.com"]
[Date "2020.06.09"]
[Round "2"]
[White "GuerrieroFromLevant"]
[Black "abhidabhi"]
[Result "0-1"]
[WhiteElo "2358"]
[BlackElo "2720"]
[TimeControl "180+1"]
[EndTime "9:16:34 PDT"]
[Termination "abhidabhi won by resignation"]

1. e4 Nc6 2. Nf3 d5 3. exd5 Qxd5 4. Nc3 Qa5 5. g3 Bg4 6. Bg2 O-O-O 7. h3 Bxf3 8. Qxf3 Qe5+ 9. Qe3 Qxe3+ 10. dxe3 Nb4 11. Be4 Nf6 12. a3 Nxe4 13. axb4 Nxc3 14. bxc3 a6 15.
Ke2 e6 16. e4 c6 17. Be3 Kc7 18. Rhd1 Bd6 19. Rd3 Be5 20. Bd4 Bxd4 21. cxd4 f5 22. f3 Rhf8 23. e5 Rd7 24. Ke3 f4+ 25. gxf4 Rdf7 26. Rg1 Kb6 27. Ke2 g6 28. Rg4 Kb5 29. c3 Rxf4 30. Rxf4 Rxf4 31. Ke3 Rh4 32. Rd1 Kc4 33.
Rc1 Rxh3 34. Kf4 h6 35. Rg1 g5+ 36. Kg4 Rh4+ 37. Kg3 Kxc3 0-1

[Event "*** SCC Grand Prix: Titled Tuesday Blitz"]
[Site "Chess.com"]
[Date "2020.06.09"]
[Round "2"]
[White "moro182"]
[Black "Hikaru"]
[Result "1/2-1/2"]
[WhiteElo "2643"]
[BlackElo "3233"]
[TimeControl "180+1"]
[EndTime "9:16:35 PDT"]
[Termination "Game drawn by repetition"]

1. d4 Nf6 2. c4 e6 3. Nc3 Bb4 4. e3 O-O 5. Bd3 c5 6. Nf3 Bxc3+ 7. bxc3 d6 8. O-O Nc6 9. e4 e5 10. d5 Ne7 11. Nh4 Nd7 12. g3 Nb6 13. f4 exf4 14.
Bxf4 Ng6 15. Nxg6 hxg6 16. e5 Bh3 17. Rf2 dxe5 18. Bxe5 Nd7 19. Bd6 Re8 20. Qf3 Qf6 21. Qxf6 gxf6 22. Re2 Bg4 23. Rxe8+ Rxe8 24. Kf2 Ne5 25. Bf1 b6 26. a4 Nf3 27. h3 Nd2 28. Bc7 Ne4+ 29. Kg2 Bd7 30. a5 Nd2 31. axb6 axb6 32.
Bxb6 Nxf1 33. Rxf1 Re2+ 34. Rf2 Bxh3+ 35. Kf3 Bg4+ 36. Kg2 Bh3+ 37. Kf3 Bg4+ 38. Kg2 Bh3+ 1/2-1/2

[Event "*** SCC Grand Prix: Titled Tuesday Blitz"]
[Site "Chess.com"]
[Date "2020.06.09"]
[Round "2"]
[White "LiverpooL174"]
[Black "Kopytkin"]
[Result "1-0"]
[WhiteElo "2673"]
[BlackElo "2344"]
[TimeControl "180+1"]
[EndTime "9:16:38 PDT"]
[Termination "LiverpooL174 won by checkmate"]

1. e4 c6 2. Ne2 d5 3. e5 c5 4. d4 Nc6 5. c3 cxd4 6. cxd4 Bf5 7. Nbc3 e6 8. Be3 Nge7 9. Qd2 Nb4 10. Kd1 Bc2+ 11. Kc1 Bg6 12. Nf4 Rc8 13. a3 Nc2 14. Ra2 Nxe3 15. fxe3 Nc6 16. Nxg6 hxg6 17. Bb5 a6 18.
Bxc6+ Rxc6 19. Kb1 b5 20. b4 Be7 21. Rc2 O-O 22.
g3 Rc4 23. h4 a5 24. h5 axb4 25. Nxb5 Qa5 26. hxg6 fxg6 27. Nd6 Bxd6 28. exd6 Qxa3 29. Ra2 Qb3+ 30. Rb2 Qa3 31. d7 Qa4 32. Qh2 Qxd7 33. Qh8+ Kf7 34. Rf2+ Ke7 35. Qxf8# 1-0

[Event "*** SCC Grand Prix: Titled Tuesday Blitz"]
[Site "Chess.com"]
[Date "2020.06.09"]
[Round "2"]
[White "IAgrest"]
[Black "DivyaDeshmukh23"]
[Result "0-1"]
[WhiteElo "2236"]
[BlackElo "2458"]
[TimeControl "180+1"]
[EndTime "9:16:38 PDT"]
[Termination "DivyaDeshmukh23 won by resignation"]

1. e4 c5 2. Nf3 d6 3. d4 cxd4 4. Nxd4 Nf6 5. Nc3 Nc6 6. Bg5 e6 7. Qd2 Be7 8. O-O-O a6 9. f4 Bd7 10. Kb1 b5 11. Nxc6 Bxc6 12. Bd3 Rc8 13. Rhe1 b4 14. Ne2 Nxe4 15. Bxe4 Bxe4 16. Nd4 d5 17. Re2 O-O 18. h4 f6 19. Nxe6 Rxc2 20. Rxe4 Rxd2 21. Rxd2 Qb6 22. Nxf8 dxe4 0-1

[Event "*** SCC Grand Prix: Titled Tuesday Blitz"]
[Site "Chess.com"]
[Date "2020.06.09"]
[Round "2"]
[White "Ind1anStar"]
[Black "SergeyKarjakin"]
[Result "0-1"]
[WhiteElo "2607"]
[BlackElo "2985"]
[TimeControl "180+1"]
[EndTime "9:16:39 PDT"]
[Termination "SergeyKarjakin won by resignation"]

1. c4 Nf6 2. Nc3 e5 3. g3 Bb4 4. Bg2 O-O 5. e4 Bxc3 6. bxc3 c6 7. Ne2 d5 8. cxd5 cxd5 9. exd5 Nxd5 10. O-O Nc6 11.
d4 Bg4 12. Bb2 exd4 13. cxd4 Re8 14. Re1 Qa5 15. Qb3 Rad8 16. Nc3 Nb6 17. Rxe8+ 0-1